 Dungeon Crawl Stone Soup version 0.30-a0-116-g3b1a8e4ee4 (webtiles) character file.

Game seed: 16969466280630934873

27631 iguanaiguana the Reanimator (level 13, -1/101 HPs)
             Began as a Mummy Conjurer on Aug 25, 2022.
             Was an Elder of Ashenzari.
             Slain by a catoblepas (32 damage)
             ... on level 3 of the Lair of Beasts on Sept 13, 2022.
             The game lasted 01:25:44 (23094 turns).

iguanaiguana the Reanimator (Mummy Conjurer)       Turns: 23094, Time: 01:25:44

Health: -1/101     AC:  8    Str: 15    XL:     13   Next: 5%
Magic:  17/27      EV: 11    Int: 28    God:    Ashenzari [****..]
Gold:   654        SH: 10    Dex: 10    Spells: 7/32 levels left

rFire   . . .      SeeInvis +    O - +5 dagger "Esoteric Panentheism" {elec, Comp, Alch} (curse)
rCold   + . .      Faith    .    H - +0 buckler
rNeg    + + +      Spirit   .    s - +2 robe "Discomfort of Ashenzari" {Will++ Str+4, Comp, Self} (curse)
rPois   ∞          Reflect  +    (no helmet)
rElec   .          Harm     .    (no cloak)
rCorr   .          Rampage  .    m - +2 pair of gloves "Shackled Together" {Elem, Melee} (curse)
Will    +++..      Clarity  +    u - +0 pair of boots of the Lashed Black Moon {Comp, Alch} (curse)
Stlth   +++.......               K - amulet of the Visionary Ether {Reflect SH+5, Self, Fort} (curse)
HPRegen 0.26/turn                n - ring "Gloom of Ashenzari" {Int+6, Comp, Bglg} (curse)
MPRegen 0.20/turn                i - ring of protection from fire

@: no status effects
A: cold resistance 1, negative energy resistance 3, torment resistance 2, heat
vulnerability 1, in touch with death 2, no potions
a: Renounce Religion, Shatter the Chains


You were on level 3 of the Lair of Beasts.
You worshipped Ashenzari.
Ashenzari was greatly pleased with you.
You visited 3 branches of the dungeon, and saw 15 of its levels.

You collected 654 gold pieces.

Inventory:

Hand Weapons
 a - a +0 dagger
 b - a +0 sling
 p - a +0 vorpal morningstar
 F - the +7 whip "Syxt" {antimagic, +Blink rC+ rN+}
   (You found it on level 3 of the Dungeon)

   It reduces the magical energy of the wielder, and disrupts the spells and
   magical abilities of those it strikes.
   Natural abilities and divine invocations are not affected.
   rC:        It protects you from cold.
   rN:        It protects you from negative energy.
   +Blink:    It lets you blink.
 J - the +4 quarterstaff of Xuemomut {protect, rF+ Int+4}
   (You found it on level 1 of the Lair of Beasts)

   It grants its wielder temporary protection when it strikes (+7 to AC).
   Int:       It affects your intelligence (+4).
   rF:        It protects you from fire.
 O - the cursed +5 dagger "Esoteric Panentheism" (weapon) {elec, Comp, Alch}
   (You took it off a kobold on level 9 of the Dungeon)

   It occasionally discharges a powerful burst of electricity upon striking a
   foe.
   It has a curse which improves the following skills: Companions: Summonings
   and Necromancy.
   Alchemy:   Poison Magic and Transmutations.
Missiles
 o - 2 javelins
 x - 33 poisoned darts
 y - 4 boomerangs
 z - 2 throwing nets
 B - 2 silver javelins
 D - 5 atropa-tipped darts
 I - a curare-tipped dart
Armour
 m - the cursed +2 pair of gloves "Shackled Together" (worn) {Elem, Melee}
   (You found it on level 2 of the Dungeon)

   It has a curse which improves the following skills: Elements: Fire Magic, Ice
   Magic, Air Magic and Earth Magic.
   Melee Combat: Short Blades, Long Blades, Axes, Maces & Flails, Polearms,
   Staves and Unarmed Combat.
 s - the cursed +2 robe "Discomfort of Ashenzari" (worn) {Will++ Str+4, Comp, Self}
   (You found it on level 4 of the Dungeon)

   Str:       It affects your strength (+4).
   Will:      It greatly increases your willpower.
   It has a curse which improves the following skills: Companions: Summonings
   and Necromancy.
   Introspection: Fighting and Spellcasting.
 t - a +0 pair of boots
 u - the cursed +0 pair of boots of the Lashed Black Moon (worn) {Comp, Alch}
   (You found it on level 5 of the Dungeon)

   It has a curse which improves the following skills: Companions: Summonings
   and Necromancy.
   Alchemy:   Poison Magic and Transmutations.
 H - a +0 buckler (worn)
Jewellery
 c - a +6 ring of strength
 i - a ring of protection from fire (right hand)
 n - the cursed ring "Gloom of Ashenzari" (left hand) {Int+6, Comp, Bglg}
   (You found it on level 2 of the Dungeon)

   [ring of intelligence]

   Int:       It affects your intelligence (+6).
   It has a curse which improves the following skills: Companions: Summonings
   and Necromancy.
   Beguiling: Conjurations, Hexes and Translocations.
 q - a ring of ice
 K - the cursed amulet of the Visionary Ether (around neck) {Reflect SH+5, Self, Fort}
   (You found it on level 1 of the Lair of Beasts)

   [amulet of reflection]

   It reflects blocked missile attacks.
   SH:        It affects your SH (+5).
   It has a curse which improves the following skills: Introspection: Fighting
   and Spellcasting.
   Fortitude: Armour and Shields.
 L - an amulet of the acrobat
Wands
 d - a wand of digging (15) {@v3}
 v - a wand of paralysis (3)
 G - a wand of polymorph (7)
 M - a wand of flame (6)
 Q - a wand of iceblast (1) {@v2}
Scrolls
 e - 6 scrolls of identify {@r1}
 f - 5 scrolls of fog
 g - 2 scrolls of fear
 h - 4 scrolls of blinking {@r4}
 j - 15 scrolls of teleportation {@r3}
 k - 3 scrolls of vulnerability
 l - 2 scrolls of magic mapping {@r5}
 r - a scroll of acquirement
 w - a scroll of amnesia
 C - a scroll of enchant armour
 N - a scroll of torment
 P - a scroll of poison
 R - a scroll of immolation
Potions
 E - a potion of mutation
Miscellaneous
 A - a lightning rod (4/4)


   Skills:
 - Level 6.0(9.0) Fighting
 - Level 4.9(6.8) Short Blades
 - Level 1.5 Dodging
 - Level 6.0 Stealth
 - Level 4.0(5.8) Shields
 - Level 7.0(10.0) Spellcasting
 - Level 6.8(8.8) Conjurations
 - Level 5.0(6.9) Hexes
 + Level 8.4(13.1) Necromancy
 - Level 5.0(6.9) Translocations
 + Level 6.6(8.6) Ice Magic
 - Level 5.7(7.7) Air Magic
 - Level 4.6(7.4) Poison Magic


You had 7 spell levels left.
You knew the following spells:

 Your Spells              Type           Power      Damage    Failure   Level
a - Freezing Cloud        Conj/Ice/Air   28%        6-21      4%          5
b - Simulacrum            Ice/Necr       53%        N/A       9%          6
c - Mephitic Cloud        Conj/Pois/Air  56%        N/A       1%          3
d - Fulminant Prism       Conj/Hex       27%        3d14      1%          4
e - Iskenderun's Mystic   Conj/Tloc      55%        2d12      1%          4
f - Magic Dart            Conj           100%       1d8       1%          1
g - Searing Ray           Conj           100%       2d8       1%          2

Your spell library contained the following spells:

 Spells                   Type           Power      Damage    Failure   Level
 Freeze                   Ice            100%       1d11      1%          1
 Ensorcelled Hibernation  Hex/Ice        100%       N/A       1%          2
 Dazzling Flash           Conj/Hex       100%       N/A       1%          3
 Frozen Ramparts          Ice            100%       1d16      1%          3
 Anguish                  Hex/Necr       51%        N/A       1%          4
 Hailstorm                Conj/Ice       58%        3d13      1%          4
 Ignite Poison            Fire/Tmut/Pois 29%        N/A       4%          3
 Metabolic Englaciation   Hex/Ice        27%        N/A       5%          5
 Summon Mana Viper        Hex/Summ       35%        N/A       28%         5
 Summon Forest            Summ/Tloc      17%        N/A       30%         5
 Petrify                  Tmut/Erth      15%        N/A       41%         4
 Summon Cactus Giant      Summ           8%         N/A       99%         6
 Spider Form              Tmut/Pois      Unusable   N/A       N/A         3
 Ice Form                 Ice/Tmut       Unusable   N/A       N/A         4
 Statue Form              Tmut/Erth      Unusable   N/A       N/A         6

Dungeon Overview and Level Annotations

Branches:
Dungeon (10/15) Zot: 23787  Temple (1/1) D:4 Zot: 5998    Lair (4/5) D:9 Zot: 17092
  Swamp (0/4) Lair:3       Spider (0/4) Lair:3          Orc (0/2) D:10
  Slime: Lair:4-5

Altars:
Ashenzari
Cheibriados
Dithmenos
Fedhas
Gozag
Hepliaklqana
Kikubaaqudgha
Makhleb
Nemelex Xobeh
Okawaru
Qazlal
Ru
Sif Muna
Trog
Uskayaw
Vehumet
Wu Jian
Xom
Yredelemnul

Shops:
D:10 (

Annotations:
D:7 exclusion: downstairs
D:8 2 transporters, gebbletook2's ghost, novice VSFi
D:9 exclusion: door
Lair:2 1 runed translucent door, Ehaohe's ghost, journeyman DrBe


Innate Abilities, Weirdness & Mutations

You are immune to poison.
Your flesh is cold resistant. (rC+)
You are immune to negative energy. (rN+++)
You are immune to unholy pain and torment.
You are vulnerable to heat. (rF-)
You are strongly in touch with the powers of death.
You do not drink.


Message History

You hit the catoblepas.
The catoblepas is lightly wounded.
The catoblepas is engulfed in noxious fumes.
The catoblepas breathes a plume of calcifying dust at you.
The blast of calcifying dust hits you.
The rime drake is engulfed in noxious fumes.
The rime drake appears confused.
You hit the catoblepas but do no damage.
The catoblepas is lightly wounded.
The catoblepas is engulfed in noxious fumes.
The catoblepas gores you!
Casting: Freezing Cloud (dangerous; 4% risk of failure)
Confirm with . or Enter, or press ? or * to list all spells.
Aiming: Mephitic Cloud (safe; 1% risk of failure)
Press: ? - help, Shift-Dir - straight line, f - catoblepas, p - rime drake
Aim: a catoblepas (lightly wounded, chance to affect: 34%)
The ball explodes into a vile cloud!
The catoblepas is lightly wounded.
The rime drake is lightly wounded.
The rime drake is engulfed in noxious fumes.
The rime drake appears confused.
The catoblepas is engulfed in noxious fumes.
You hit the catoblepas but do no damage.
The rime drake is engulfed in noxious fumes.
The rime drake appears confused.
You hit the catoblepas.
The catoblepas is lightly wounded.
The catoblepas is engulfed in noxious fumes.
The catoblepas gores you!!
* * * LOW HITPOINT WARNING * * *
The rime drake is engulfed in noxious fumes.
The rime drake appears confused.
The catoblepas is engulfed in noxious fumes.
The catoblepas gores you.
* * * LOW HITPOINT WARNING * * *
The rime drake is engulfed in noxious fumes.
The rime drake appears confused.
The rime drake bites the catoblepas.
You climb upwards.
There is a stone staircase leading down here.
The catoblepas gores you!!
You die...

#...####.......!###
###..##....##P..###
##..##P.#####..##
##....(.P.##..###
##...P...P.....##
##.#..#.......##
####.P...#..#.#.##
####....#######.##
##>@...## ##.####
#.Y...## ###.####
#..P.## #.....)P
###....# #.......
##.#.#.## ##..#...
##.......## ##..#...
#........#######...#...
#P........P.####P......
##.................###.


You could see a catoblepas.

Vanquished Creatures
  Harold (Lair:1)
  A catoblepas (Lair:4)
  A hydra (Lair:1)
  A death yak (D:9)
  A two-headed ogre (D:10)
  A wolf spider (Lair:3)
  An oklob plant (Lair:3)
  5 black mambas
  13 elephants
  A rime drake (Lair:3)
  10 cane toads
  5 komodo dragons
  A tyrant leech (Lair:3)
  3 trolls
  6 blink frogs
  31 yaks
  3 wyverns
  Sigmund (D:2)
  A wraith (D:10)
  The ghost of AGayBaby the Shield-Bearer, an amateur GnFi (D:3)
  A steam dragon (Lair:2)
  2 swamp worms (Lair:3)
  An acid dragon (D:9)
  Duvessa (D:5)
  9 water moccasins
  5 orc warriors (D:10)
  2 ice beasts
  4 black bears
  9 wolves
  4 centaurs
  A gnoll sergeant (D:9)
  3 kobold brigands
  7 bullfrogs
  3 scorpions
  4 wights
  Dowan (D:5)
  8 killer bees
  A howler monkey (D:8)
  3 hounds (D:4)
  A jelly (D:6)
  A gnoll bouda (D:9)
  4 orc priests
  Terence (D:2)
  2 iguanas (D:6)
  5 orc wizards
  5 adders
  4 gnolls (D:5)
  2 worms
  A dart slug (D:2)
  22 orcs
  9 ball pythons
  6 endoplasms
  3 giant cockroaches
  3 goblins
  2 hobgoblins (D:4)
  4 jackals (D:2)
  3 quokkas
  5 bats
  3 frilled lizards
  15 kobolds
  5 rats
263 creatures vanquished.

Vanquished Creatures (collateral kills)
  A rime drake (Lair:3)
  A blink frog (Lair:3)
  A water moccasin (Lair:3)
  A wolf (Lair:3)
4 creatures vanquished.

Vanquished Creatures (others)
  34 fulminant prisms
  33 fungi
  47 plants
114 creatures vanquished.

Grand Total: 381 creatures vanquished

Notes
Turn   | Place    | Note
-------+----------+-------------------------------------------
     0 | D:1      | iguanaiguana the Mummy Conjurer began the quest for the
                  | Orb.
     0 | D:1      | Reached XP level 1. HP: 13/13 MP: 4/4
   647 | D:1      | Reached XP level 2. HP: 19/19 MP: 1/5
  1107 | D:1      | You fall into a shaft and drop 1 floor!
  1507 | D:2      | Noticed Terence
  1519 | D:2      | Learned a level 2 spell: Searing Ray
  2091 | D:2      | Gained mutation: You are in touch with the powers of death.
                  | [Mummy growth]
  2091 | D:2      | Reached XP level 3. HP: 24/24 MP: 4/7
  2371 | D:2      | Noticed Sigmund
  2663 | D:3      | Learned a level 3 spell: Mephitic Cloud
  2983 | D:3      | Noticed a bullfrog
  2985 | D:3      | Found a runed translucent door.
  2986 | D:3      | Noticed AGayBaby's ghost (amateur GnFi)
  3022 | D:3      | Reached skill level 1 in Air Magic
  3022 | D:3      | Reached skill level 1 in Poison Magic
  3336 | D:3      | Reached XP level 4. HP: 30/30 MP: 5/8
  3664 | D:4      | Found a broken altar of Ashenzari.
  3705 | D:4      | Became a worshipper of Ashenzari the Shackled
  3726 | D:4      | Found a staircase to the Ecumenical Temple.
  4331 | D:4      | Reached XP level 5. HP: 31/35 MP: 3/9
  4484 | D:4      | Found a hide-covered altar of Uskayaw.
  4580 | D:4      | Identified the +2 robe of the Lute {Will++ Str+4}
  4977 | D:4      | Found a shimmering altar of Xom.
  5359 | Temple   | Entered the Ecumenical Temple
  5570 | D:5      | Entered Level 5 of the Dungeon
  5583 | D:5      | Reached skill level 1 in Fighting
  5670 | D:5      | Found a stormy altar of Qazlal.
  5768 | D:5      | Noticed a black bear
  5847 | D:4      | Reached XP level 6. HP: 31/44 MP: 5/12
  5974 | D:5      | Noticed an ice beast
  5988 | D:5      | Killed an ice beast
  6423 | D:5      | Noticed Dowan
  6614 | D:5      | Reached XP level 7. HP: 50/50 MP: 2/13
  6696 | D:5      | Found a sparkling altar of Nemelex Xobeh.
  7144 | D:6      | Found a bloodstained altar of Trog.
  7554 | D:6      | Reached * piety under Ashenzari
  7554 | D:6      | Identified a scroll of acquirement
  7993 | D:7      | Reached XP level 8. HP: 45/58 MP: 1/14
  8534 | D:8      | Reached ** piety under Ashenzari
  8553 | D:8      | Reached skill level 5 in Fighting
  8806 | D:8      | Noticed a hornet
  8821 | D:8      | Found a transporter.
  8821 | D:8      | Noticed gebbletook2's ghost (novice VSFi)
  8826 | D:8      | Found a transporter.
  8992 | D:8      | Found a shimmering blue altar of Sif Muna.
  9000 | D:8      | Found an opulent altar of Gozag.
  9471 | D:8      | Reached skill level 5 in Conjurations
  9747 | D:8      | Noticed a five-headed hydra
  9828 | D:5      | Noticed Duvessa
  9869 | D:5      | Killed Duvessa
  9870 | D:5      | Killed Dowan
  9891 | D:5      | Found a sacrificial altar of Ru.
  9990 | D:3      | Identified the +7 whip "Syxt" {antimagic, +Blink rC+ rN+}
 10004 | D:3      | Reached XP level 9. HP: 66/69 MP: 10/15
 10013 | D:3      | Killed AGayBaby's ghost
 10205 | D:2      | Killed Terence
 10319 | D:2      | Killed Sigmund
 10578 | D:9      | Noticed a troll
 10686 | D:9      | Found an iron altar of Okawaru.
 10686 | D:9      | Found an ancient bone altar of Kikubaaqudgha.
 10686 | D:9      | Found a radiant altar of Vehumet.
 10715 | D:9      | Reached skill level 1 in Hexes
 10722 | D:9      | Killed a troll
 10969 | D:7      | Learned a level 4 spell: Fulminant Prism
 10974 | D:7      | Learned a level 4 spell: Iskenderun's Mystic Blast
 11148 | D:9      | Reached skill level 1 in Translocations
 11509 | D:9      | Noticed a troll
 11531 | D:9      | Killed a troll
 11911 | D:9      | Noticed a death yak
 11939 | D:9      | Reached skill level 5 in Hexes
 11945 | D:9      | Noticed a death yak
 12012 | D:9      | Killed a death yak
 12013 | D:9      | Reached XP level 10. HP: 76/76 MP: 8/16
 12388 | D:9      | Reached skill level 5 in Translocations
 12551 | D:9      | Noticed a death yak
 12946 | D:10     | Entered Level 10 of the Dungeon
 12946 | D:10     | Found Feulon's Antique Weapon Shoppe.
 13012 | D:10     | Reached skill level 5 in Spellcasting
 13452 | D:10     | Reached skill level 1 in Short Blades
 13677 | D:10     | Noticed a two-headed ogre
 13685 | D:10     | Killed a two-headed ogre
 13773 | D:10     | Found a blossoming altar of Fedhas.
 13830 | D:10     | Found a snail-covered altar of Cheibriados.
 13831 | D:10     | Found a shadowy altar of Dithmenos.
 13832 | D:10     | Found a burning altar of Makhleb.
 13841 | D:10     | Found a basalt altar of Yredelemnul.
 13843 | D:10     | Found an ornate altar of the Wu Jian Council.
 14021 | D:10     | Found a staircase to the Orcish Mines.
 14576 | D:9      | Found a staircase to the Lair.
 14663 | Lair:1   | Entered Level 1 of the Lair of Beasts
 14663 | Lair:1   | Identified the +4 quarterstaff of Xuemomut {protect, rF+
                  | Int+4}
 14961 | Lair:1   | Noticed a cane toad
 14980 | D:9      | Killed a cane toad
 14981 | D:9      | Reached XP level 11. HP: 54/81 MP: 5/21
 15682 | Lair:1   | Reached skill level 5 in Stealth
 16537 | Lair:1   | Reached skill level 1 in Ice Magic
 17047 | Lair:1   | Noticed an eight-headed hydra
 17276 | Lair:1   | Killed an eight-headed hydra
 17411 | Lair:1   | Noticed Harold
 17433 | Lair:1   | Killed Harold
 17617 | Lair:1   | Learned a level 5 spell: Freezing Cloud
 18495 | Lair:1   | Reached XP level 12. HP: 84/88 MP: 17/22
 18646 | Lair:1   | Upgraded the game from 0.30-a0-23-ge60ba3568b to
                  | 0.30-a0-52-g86a8295270
 18646 | Lair:1   | Upgraded the game from 0.30-a0-52-g86a8295270 to
                  | 0.30-a0-116-g3b1a8e4ee4
 18842 | Lair:2   | Reached skill level 5 in Air Magic
 19268 | Lair:2   | Reached skill level 1 in Necromancy
 19268 | Lair:2   | Reached skill level 5 in Ice Magic
 19350 | Lair:2   | Found a runed translucent door.
 19350 | Lair:2   | Found a shimmering altar of Xom.
 19350 | Lair:2   | Noticed Ehaohe's ghost (journeyman DrBe)
 19642 | Lair:2   | Reached skill level 3 in Necromancy
 19647 | Lair:2   | Reached skill level 4 in Necromancy
 20207 | Lair:2   | Reached skill level 5 in Necromancy
 20994 | D:9      | Reached *** piety under Ashenzari
 21007 | D:9      | Learned a level 6 spell: Simulacrum
 21099 | Lair:3   | Reached skill level 6 in Necromancy
 21182 | Lair:3   | Found a hole to the Spider Nest.
 21378 | Lair:3   | Reached skill level 7 in Necromancy
 21781 | Lair:3   | Reached skill level 8 in Necromancy
 21961 | Lair:3   | Found a staircase to the Swamp.
 22477 | Lair:3   | Reached **** piety under Ashenzari
 22818 | Lair:4   | Noticed a death yak
 22818 | Lair:4   | Noticed a death yak
 22833 | Lair:4   | Noticed a six-headed hydra
 22913 | Lair:4   | Gained mutation: You are strongly in touch with the powers
                  | of death. [Mummy growth]
 22913 | Lair:4   | Reached XP level 13. HP: 91/101 MP: 3/27
 23094 | Lair:3   | Slain by a catoblepas

Illustrated notes

Levels and vault maps discovered:
D:1:      matt_arrival_spirals, layout_loops_ring, serial_rivers,
          chequers_serial_rivers_small_b, chequers_serial_rivers_micro_b,
          chequers_serial_rivers_small_b, chequers_serial_rivers_large_a,
          minmay_misc_feat_x, minivault_19
D:2:      layout_loops_corners, uniq_terence, uniq_sigmund
D:3:      layout_rooms, ebering_ghost_sewer_d,
          hangedman_abyss_or_decor_lesser_grid, minmay_misc_feat_tower
D:4:      minmay_spotlight, layout_basic, cheibrodos_ashenzari_chains,
          mainiacjoe_overflow_swirl, minmay_temple_entry_steel_oval
D:5:      layout_basic, kennysheep_little_box, nicolae_overflow_hidden_temple,
          nicolae_qazlal_scattered_showers, uniq_duvessa
D:6:      layout_basic, mainiacjoe_overflow_surrounded_room
D:7:      layout_rooms
D:8:      minmay_cornered_nines, layout_gridville, grunt_temple_overflow_open,
          gammafunk_ghost_hive
D:9:      minmay_octagon_keep, layout_basic,
          chequers_temple_overflow_statue_of_worship, dpeg_lair_monsters,
          serial_corexii_hall, corexii_hall_statues_x, chequers_hall_statues_y,
          serial_park_tiny_2
D:10:     layout_big_octagon, nicolae_overflow_hallway_of_the_gods,
          david_orc_1_choice, serial_shops, nicolae_square_shop,
          statue_in_the_mist_lemuel
Temple:   ebering_the_one_and_only
Lair:1:   layout_chaotic_city, chequers_serial_rivers_small_b,
          lemuel_fruit_tree, serial_bayou_shore_a, grunt_megastairs_5,
          uniq_harold
Lair:2:   layout_roguey, ebering_ghost_xom
Lair:3:   layout_loops_ring, minmay_swamp_entry_worms, spider_nest_entry_rubble,
          chequers_serial_rivers_marsh
Lair:4:   layout_roguey, enter_volcano_3

Skill      XL: |  1  2  3  4  5  6  7  8  9 10 11 12 |
---------------+-------------------------------------+-----
Conjurations   | 4 5 6 |  6.8
Air Magic      | 1 2 3 4 5 |  5.7
Poison Magic   | 1 2 3 4 |  4.6
Spellcasting   | 3 4 6 7 |  7.0
Fighting       | 2 3 6 |  6.0
Hexes          | 5 |  5.0
Translocations | 4 5 |  5.0
Short Blades   | 4 |  4.9
Stealth        | 3 6 |  6.0
Ice Magic      | 4 6 |  6.6
Shields        | 4 |  4.0
Necromancy     | 8 |  8.4
Dodging        | |  1.5

Action                   |  1- 3 |  4- 6 |  7- 9 | 10-12 | 13-15 || total
-------------------------+-------+-------+-------+-------+-------++-------
Melee: Unarmed           |    10 |       |       |       |       ||    10
       Dagger            |    19 |       |   163 |   301 |    12 ||   495
       Morningstar       |     7 |    11 |       |       |       ||    18
       Punch             |       |       |     1 |     1 |       ||     2
       Quarterstaff      |       |       |       |     9 |       ||     9
 Cast: Magic Dart        |    75 |    52 |    52 |     7 |       ||   186
       Searing Ray       |     4 |    27 |    24 |     3 |       ||    58
       Mephitic Cloud    |       |     1 |    33 |    68 |     4 ||   106
       Fulminant Prism   |       |       |     1 |    33 |       ||    34
       Iskenderun's Myst |       |       |     1 |    44 |       ||    45
       Freezing Cloud    |       |       |       |    54 |     1 ||    55
       Simulacrum        |       |       |       |     8 |       ||     8
Invok: Curse Item        |       |     1 |     3 |     4 |       ||     8
       Shatter the Chain |       |     1 |       |     1 |       ||     2
Evoke: Wand              |       |       |       |     3 |     3 ||     6
  Use: Scroll            |       |       |     5 |     2 |       ||     7
 Stab: Sleeping          |       |     1 |       |       |       ||     1
       Confused          |       |       |    16 |    34 |       ||    50
       Paralysed         |       |       |       |     1 |       ||     1
Armor: Robe              |    14 |    19 |    84 |    70 |     1 ||   188
Dodge: Dodged            |    55 |    33 |   118 |   150 |     3 ||   359
Block: Buckler           |       |       |       |    29 |     9 ||    38
       Reflection        |       |       |       |     1 |       ||     1

Table legend: (Time is in decaauts)
 A = Elapsed time spent in this place.
 B = Non-inter-level travel time spent in this place.
 C = Inter-level travel time spent in this place.
 D = Time resting spent in this place.
 E = Time spent auto-exploring this place.
 F = Levels seen in this place.
 G = Mean time per level.
                   A        B        C        D        E       F      G
               +--------+--------+--------+--------+--------+-----+--------+
         Total |  23113 |  21476 |   1637 |   6594 |  11055 |  15 | 1540.9 |
       Dungeon |  16204 |  14791 |   1413 |   4683 |   7659 |  10 | 1620.4 |
        Temple |      1 |      1 |      0 |      0 |      0 |   1 |    1.0 |
          Lair |   6906 |   6683 |    223 |   1911 |   3395 |   4 | 1726.5 |
               +--------+--------+--------+--------+--------+-----+--------+

Top non-repeatable levels by time:
     D:9: 3644 daAuts
     D:4: 2774 daAuts
  Lair:1: 2672 daAuts
  Lair:2: 2159 daAuts
  Lair:3: 1994 daAuts
     D:1: 1559 daAuts
     D:8: 1542 daAuts
     D:2: 1376 daAuts
     D:7: 1215 daAuts
    D:10: 1168 daAuts
     D:3: 1164 daAuts
     D:5: 922 daAuts
     D:6: 836 daAuts
  Lair:4: 81 daAuts
  Temple: 1 daAuts
